 Dungeon Crawl Stone Soup version 0.25-a0-317-g5f8687b (webtiles) character file.

Game seed: 17411897222620365397, levelgen mode: deterministic

4903 Buxparty the Cleaver (level 10, 0/82 HPs)
             Began as a Deep Dwarf Fighter on Dec 26, 2019.
             Was an Elder of Makhleb.
             Slain by a vampire (3 damage)
             ... on level 9 of the Dungeon.
             The game lasted 00:30:56 (5981 turns).

Buxparty the Cleaver (Deep Dwarf Fighter)           Turns: 5981, Time: 00:30:56

Health: 0/82       AC:  8    Str: 24    XL:     10   Next: 27%
Magic:  0/0        EV:  8    Int:  8    God:    Makhleb [****..]
Gold:   501        SH: 13    Dex: 16    Spells: 9/9 levels left

rFire    . . .     SeeInvis .   a - +0 war axe
rCold    . . .     Gourm    .   j - +1 shield
rNeg     . . .     Faith    .   b - +0 scale mail
rPois    .         Spirit   .   (no helmet)
rElec    .         Reflect  .   (no cloak)
rCorr    .         Harm     .   (no gloves)
MR       +....                  (no boots)
Stlth    ..........             D - amulet of the acrobat
HPRegen  0.00/turn              e - ring of flight
MPRegen  0.07/turn              c - +4 ring of dexterity

@: non-regenerating
A: damage resistance, heal wounds, sense surroundings 2, no regeneration
a: Heal Wounds, Minor Destruction, Lesser Servant of Makhleb, Major Destruction,
Renounce Religion, Evoke Flight


You were on level 9 of the Dungeon.
You worshipped Makhleb.
Makhleb was greatly pleased with you.
You were very hungry.

You visited 2 branches of the dungeon, and saw 10 of its levels.

You collected 501 gold pieces.

Inventory:

Hand Weapons
 a - a +0 war axe (weapon)
 r - a +2 flail of protection
 v - a +2 trident of venom
 B - a +3 rapier of speed
 E - a +2 short sword of speed
 H - a +1 mace of protection
Armour
 b - a +0 scale mail (worn)
 j - a +1 shield (worn)
 u - a +0 large shield
 G - the +2 ring mail of Lies {rElec Regen+}
   (You found it on level 8 of the Dungeon)

   It insulates you from electricity.
   It increases your rate of regeneration.
Jewellery
 c - a +4 ring of dexterity (right hand)
 e - a ring of flight (left hand)
 D - an amulet of the acrobat (around neck)
Wands
 q - a wand of random effects (6)
 y - a wand of flame (13)
 z - a wand of digging (13)
 C - a wand of enslavement (4)
Scrolls
 g - a scroll of identify
 h - 5 scrolls of fear
 i - 9 scrolls of remove curse
 l - a scroll of amnesia {unknown}
 n - 9 scrolls of teleportation
 s - 2 scrolls of magic mapping {unknown}
 w - 3 scrolls of fog
 J - a scroll of random uselessness {unknown}
Potions
 d - a potion of cancellation
 k - a potion of agility
 m - 2 potions of lignification
 o - a potion of resistance {unknown}
 p - 2 potions of ambrosia
 t - a potion of degeneration {unknown}
 x - 2 potions of brilliance {unknown}
 A - a potion of haste {unknown}
 F - a potion of curing {unknown}
 K - a potion of might
Comestibles
 f - 18 rations


   Skills:
 - Level 2.9 Fighting
 + Level 12.0 Axes
 + Level 8.0 Armour
 + Level 9.2 Shields
 + Level 0.2 Evocations


You had 9 spell levels left.
You didn't know any spells.
Your spell library was empty.

Dungeon Overview and Level Annotations

Branches:
Dungeon (9/15)             Temple (1/1) D:5            Lair (0/6) D:9
    Orc: D:9-12

Altars:
Ashenzari
Cheibriados
Dithmenos
Elyvilon
Fedhas
Gozag
Hepliaklqana
Kikubaaqudgha
Makhleb
Nemelex Xobeh
Okawaru
Qazlal
Ru
Sif Muna
Trog
Uskayaw
Vehumet
Wu Jian
Xom
Yredelemnul
Zin
The Shining One


Innate Abilities, Weirdness & Mutations

You are resistant to damage.
You can heal yourself by infusing magical energy.
You passively map the area around you.
You do not regenerate.


Message History

Something hits you.
* * * LOW HITPOINT WARNING * * *
Something bites you.
* * * LOW HITPOINT WARNING * * *
Something draws strength from your injuries!
You closely miss something.
A vampire appears from thin air!
Reactivating autopickup.
You block the vampire's attack. The vampire completely misses you.
You closely miss the vampire.
The vampire is heavily damaged.
The vampire hits you but does no damage.
The vampire barely misses you.
Your scale mail prevents you from hitting the vampire.
The vampire is heavily damaged.
The vampire mumbles some strange words.
The vampire flickers and vanishes!
Deactivating autopickup; reactivate with Ctrl-A.
You barely miss something. You miss something.
Something hits you but does no damage. Something bites you.
You die...

.#..#.....PP..PPP>hPP.P.P....
.#..#...P.P.....PPPP.PPPP.P..,,
....#...PPP.PPP.PP..PP.P.....,
....#........PPP.P.PP.P..P... ,
....#...P....PPPP.PPPP.P...#
....#........PPPPPP.P.P..#,,,
....#......†......P...†.#* , ,
....#................:..#
....#...........@{......# ,
....#.....##......####### ** *
....#.....##......## , ,,
....##'#####.......#
...........#.......# ,,,,, *
...........#.......#,,,, , ,
###..#####.#.......# , , #..#
,######### * #..# * , ,, , *


There were no monsters in sight!

Vanquished Creatures
  Pikel (D:4)
  Prince Ribbit (D:6)
  A wyvern (D:8)
  2 yaks (D:6)
  Menkaure (D:7)
  3 porcupines (D:9)
  An ice beast (D:6)
  2 orc warriors
  2 sky beasts
  A slave (D:4)
  A necrophage (D:9)
  4 black bears
  A centaur (D:8)
  2 big kobolds
  8 bullfrogs
  2 scorpions
  4 howler monkeys
  5 crimson imps
  5 bullfrog zombies
  A quasit (D:8)
  4 hounds
  7 orc wizards
  A centaur skeleton (D:8)
  An orc priest (D:3)
  Crazy Yiuf (D:3)
  A bullfrog skeleton (D:5)
  3 iguanas
  5 worker ants
  4 hound skeletons
  3 worker ant zombies
  13 adders
  A shadow imp (D:8)
  An ooze (D:1)
  An adder zombie (D:7)
  2 worms (D:4)
  2 dart slugs
  2 leopard geckos
  19 orcs
  2 ball pythons
  12 bats
  7 giant cockroaches
  5 goblins
  2 hobgoblins
  9 jackals
  7 quokkas
  7 frilled lizards
  A jackal zombie (D:7)
  21 kobolds
  A quokka skeleton (D:8)
  6 rats
199 creatures vanquished.

Vanquished Creatures (collateral kills)
  A yak (D:6)
1 creature vanquished.

Vanquished Creatures (others)
  2 fungi (D:9)
2 creatures vanquished.

Grand Total: 202 creatures vanquished

Notes
Turn   | Place    | Note
-------+----------+-------------------------------------------
     0 | D:1      | Buxparty the Deep Dwarf Fighter began the quest for the
                  | Orb.
     0 | D:1      | Reached XP level 1. HP: 20/20 MP: 1/1
   358 | D:1      | Reached XP level 2. HP: 27/27 MP: 2/2
   881 | D:2      | Reached skill level 3 in Axes
   881 | D:2      | Reached XP level 3. HP: 33/33 MP: 3/3
  1058 | D:2      | Reached XP level 4. HP: 40/40 MP: 4/4
  1089 | D:2      | Found a faded altar of an unknown god.
  1426 | D:2      | Found a shimmering blue altar of Sif Muna.
  1576 | D:3      | You fall into a shaft and drop 3 floors!
  1667 | D:6      | Noticed a bullfrog
  1671 | D:6      | Killed a bullfrog
  1671 | D:6      | Reached skill level 4 in Axes
  1671 | D:6      | Reached XP level 5. HP: 37/48 MP: 5/5
  1702 | D:6      | Reached skill level 5 in Axes
  1704 | D:6      | Reached XP level 6. HP: 50/55 MP: 6/6
  1757 | D:6      | Reached skill level 5 in Shields
  1770 | D:6      | Reached skill level 6 in Axes
  2114 | D:6      | Reached XP level 7. HP: 40/61 MP: 7/7
  2123 | D:6      | Found a bloodstained altar of Trog.
  2181 | D:5      | Entered Level 5 of the Dungeon
  2316 | D:5      | Found a sacrificial altar of Ru.
  2339 | D:5      | Found a staircase to the Ecumenical Temple.
  2353 | Temple   | Entered the Ecumenical Temple
  2517 | Temple   | Became a worshipper of Makhleb the Destroyer
  2578 | D:5      | Reached skill level 7 in Axes
  2578 | D:5      | Reached skill level 5 in Armour
  3370 | D:4      | Noticed Pikel
  3387 | D:4      | Killed Pikel
  3387 | D:4      | Reached skill level 8 in Axes
  3387 | D:4      | Reached XP level 8. HP: 50/68 MP: 6/6
  3529 | D:3      | Reached * piety under Makhleb
  3591 | D:3      | Reached skill level 9 in Axes
  3897 | D:3      | Found a runed translucent door.
  3898 | D:3      | Noticed Crazy Yiuf
  3908 | D:3      | Killed Crazy Yiuf
  3950 | D:3      | Found a basalt altar of Yredelemnul.
  4275 | D:7      | Noticed Prince Ribbit
  4351 | D:6      | Gained mutation: You passively map the area around you.
                  | [Deep Dwarf growth]
  4351 | D:6      | Reached XP level 9. HP: 58/74 MP: 5/5
  4354 | D:7      | Noticed Menkaure
  4371 | D:6      | Killed Prince Ribbit
  4371 | D:6      | Reached ** piety under Makhleb
  4371 | D:6      | Reached skill level 10 in Axes
  4442 | D:7      | Killed Menkaure
  4568 | D:7      | Found an ancient bone altar of Kikubaaqudgha.
  4883 | D:7      | Reached skill level 11 in Axes
  5022 | D:8      | Reached *** piety under Makhleb
  5030 | D:8      | Got a slimy ring mail
  5031 | D:8      | Identified the +2 ring mail of Lies {rElec Regen+} (You
                  | found it on level 8 of the Dungeon)
  5309 | D:8      | Reached XP level 10. HP: 47/82 MP: 4/4
  5483 | D:7      | Found a glowing silver altar of Zin.
  5892 | D:9      | Found a staircase to the Lair.
  5900 | D:9      | Reached **** piety under Makhleb
  5918 | D:9      | Reached skill level 12 in Axes
  5944 | D:9      | HP: 4/82 [something (5)]
  5976 | D:9      | HP: 4/82 [something (4)]
  5981 | D:9      | Slain by a vampire

Levels and vault maps discovered:
D:1:      dpeg_arrival_chase, layout_basic
D:2:      layout_loops_cross, led_sif_pool, chequers_ecumenical_altar_simple,
          serial_glass, glass_columns_c, glass_columns_c
D:3:      layout_rooms, nicolae_overflow_crystal_walls, solitary_fountain,
          minmay_diced_spiral, uniq_crazy_yiuf_cottage
D:4:      cheibrodos_old_hovel, layout_basic, uniq_pikel
D:5:      layout_gridville, old_standard_altar, minmay_temple_entry_junction,
          first_ration
D:6:      layout_rooms, lemuel_coloured_pillars_altar
D:7:      layout_rooms, lemuel_round_altar, nicolae_overflow_hidden_temple,
          serial_glass, glass_columns_b, glass_columns_a, glass_columns_c,
          glass_columns_a, glass_columns_a, glass_columns_b,
          minmay_misc_feat_tower, uniq_prince_ribbit1, uniq_menkaure
D:8:      layout_loops_ring, minmay_manual_mail
D:9:      layout_stronghold, due_lair_maze_entry_diamond, the_bakery
Temple:   nicolae_temple_elliptical

Skill      XL: |  1  2  3  4  5  6  7  8  9 10 |
---------------+-------------------------------+-----
Axes           | 3 4 5 6 8 9 11 12 | 12.0
Shields        | 4 5 6 7 8 9 |  9.2
Armour         | 4 6 7 8 |  8.0
Fighting       | |  2.9
Evocations     | |  0.2

Action                   |  1- 3 |  4- 6 |  7- 9 | 10-12 || total
-------------------------+-------+-------+-------+-------++-------
Melee: War axe           |   107 |   117 |   489 |   135 ||   848
 Abil: Heal Wounds       |     1 |     1 |    19 |    11 ||    32
Evoke: Wand              |       |       |     1 |     2 ||     3
  Use: Scroll            |     2 |       |     8 |       ||    10
       Potion            |       |       |     5 |     1 ||     6
  Eat: Ration            |     1 |     1 |     2 |       ||     4
       Chunk             |       |       |     1 |     2 ||     3
Armor: Scale mail        |    63 |    59 |   175 |    55 ||   352
Dodge: Dodged            |    46 |    46 |   138 |    31 ||   261
Block: Shield            |    64 |    70 |   319 |    98 ||   551

Table legend:
 A = Non-vault XP
 B = Vault XP
 C = Vault XP percentage of total XP
 D = Non-vault monster count
 E = Vault monster count
 F = Vault count percentage of total count
                 A         B        C        D         E       F
            +---------+---------+-------+---------+---------+-------
      Total |    5135 |    1870 |  26.7 |     180 |      18 |   9.1
            +---------+---------+-------+---------+---------+-------
        D:1 |      26 |       0 |   0.0 |      13 |       0 |   0.0
        D:2 |     119 |       0 |   0.0 |      26 |       0 |   0.0
        D:3 |     209 |     142 |  40.5 |      32 |       7 |  17.9
        D:4 |     188 |     641 |  77.3 |      13 |       1 |   7.1
        D:5 |     363 |       0 |   0.0 |      10 |       0 |   0.0
        D:6 |    1583 |     273 |  14.7 |      25 |       1 |   3.8
        D:7 |    1012 |     172 |  14.5 |      28 |       1 |   3.4
        D:8 |    1334 |     139 |   9.4 |      30 |       4 |  11.8
        D:9 |     301 |     503 |  62.6 |       3 |       4 |  57.1
            +---------+---------+-------+---------+---------+-------
